 Dungeon Sprint DCSS version 0.26-a0-649-gf8c6c3aab7 (webtiles) character file.

Game seed: 10299094218331588605

2671 sahdkjhfkaj the Thaumaturge (level 9, -5/74 HPs)
             Began as a Gnoll Fire Elementalist on Sept 26, 2020.
             Was a High Priest of Sif Muna.
             Slain by an orc knight
             ... wielding a +0 war axe of electrocution
              (21 damage)
             ... in the Dungeon (Sprint VII: "The Pits").
             The game lasted 00:05:42 (1730 turns).

sahdkjhfkaj the Thaumaturge (GnFE)                  Turns: 1730, Time: 00:05:42

Health: -5/74      AC:  8    Str: 10    XL:     9   Next: 63%
Magic:  6/22       EV: 19    Int: 24    God:    Sif Muna [*****.]
Gold:   0          SH:  0    Dex: 16    Spells: 7/26 levels left

rFire    . . .     SeeInvis .   s - +2 scimitar (holy)
rCold    . . .     Faith    .   (no shield)
rNeg     . . .     Spirit   .   a - +0 robe
rPois    .         Reflect  .   t - +0 helmet
rElec    .         Harm     .   (no cloak)
rCorr    .         Rampage  .   n - +0 pair of gloves
MR       .....     NoTele   +   (no boots)
Stlth    ++++......             (no amulet)
HPRegen  0.22/turn              m - +3 ring of protection
MPRegen  0.18/turn              o - +3 ring of intelligence

@: hasted and slowed
A: distributed training, fangs 1, strong nose
a: Channel Magic, Forget Spell, Divine Exegesis, Renounce Religion


You were in the Dungeon.
You worshipped Sif Muna.
Sif Muna was extremely pleased with you.
You visited 1 branch

Inventory:

Hand Weapons
 s - a +2 scimitar of holy wrath (weapon)
Armour
 a - a +0 robe (worn)
 n - a +0 pair of gloves (worn)
 t - a +0 helmet (worn)
 u - a +5 ring mail
Jewellery
 m - a +3 ring of protection (left hand)
 o - a +3 ring of intelligence (right hand)
Scrolls
 h - a scroll of blinking
 i - 3 scrolls of remove curse
 j - 5 scrolls of amnesia
 k - a scroll of summoning
 l - 2 scrolls of vulnerability
Potions
 b - 2 potions of invisibility
 c - 5 potions of curing
 e - 2 potions of haste
 f - 4 potions of magic
 g - 4 potions of berserk rage
 p - 2 potions of mutation
 q - a potion of might
 r - a potion of brilliance


   Skills:
 + Level 8.0 Fighting
 + Level 8.0 Short Blades
 + Level 8.0 Long Blades
 + Level 8.0 Axes
 + Level 8.0 Maces & Flails
 + Level 8.0 Polearms
 + Level 8.0 Staves
 + Level 8.0 Slings
 + Level 8.0 Bows
 + Level 8.0 Crossbows
 + Level 8.0 Throwing
 + Level 8.0 Armour
 + Level 9.2 Dodging
 + Level 9.1 Stealth
 + Level 8.0 Shields
 + Level 8.0 Unarmed Combat
 + Level 9.4 Spellcasting
 + Level 7.0 Conjurations
 + Level 6.6 Hexes
 + Level 6.6 Summonings
 + Level 6.6 Necromancy
 + Level 6.6 Translocations
 + Level 6.6 Transmutations
 + Level 8.7 Fire Magic
 + Level 6.6 Ice Magic
 + Level 6.6 Air Magic
 + Level 6.6 Earth Magic
 + Level 6.6 Poison Magic
 + Level 8.7 Invocations
 + Level 8.0 Evocations


You had 7 spell levels left.
You knew the following spells:

 Your Spells              Type           Power        Failure   Level
a - Foxfire               Conj/Fire      ####         1%          1
b - Sticky Flame          Conj/Fire      #####...     2%          4
c - Dispel Undead         Necr           #####...     3%          4
f - Fireball              Conj/Fire      #####.....   6%          5
s - Summon Mana Viper     Hex/Summ       #####...     10%         5

Your spell library contained the following spells:

 Spells                   Type           Power        Failure   Level
 Corpse Rot               Necr/Air       N/A          1%          2
 Ensorcelled Hibernation  Hex/Ice        #####.       1%          2
 Sublimation of Blood     Necr           #####.....   1%          2
 Conjure Flame            Conj/Fire      #####...     1%          3
 Inner Flame              Hex/Fire       #####...     1%          3
 Leda's Liquefaction      Hex/Erth       #####.....   3%          4
 Borgnjor's Revivificati  Necr           #####.....   100%        8


Dungeon Overview and Level Annotations

Branches:
Dungeon (1/1)

Altars:
Ashenzari
Cheibriados
Dithmenos
Elyvilon
Fedhas
Gozag
Hepliaklqana
Kikubaaqudgha
Makhleb
Nemelex Xobeh
Okawaru
Qazlal
Ru
Sif Muna
Trog
Uskayaw
Vehumet
Wu Jian
Xom
Yredelemnul
Zin
The Shining One
Beogh
Jiyva
Lugonu


Innate Abilities, Weirdness & Mutations

Your experience applies equally to all skills.
You have very sharp teeth.
Your uncanny sense of smell can sniff out nearby items.


Message History

Unknown command.
Unknown command.
Unknown command.
You feel better.
Your mana viper barely misses the efreet.
The orc warrior closely misses your mana viper.
Your mana viper closely misses the orc knight.
The efreet hits you with a +4 scimitar of flaming.
* * * LOW HITPOINT WARNING * * *
The efreet burns you.
* * * LOW HITPOINT WARNING * * *
The orc knight completely misses you.
The orc knight hits your mana viper with a +0 war axe of electrocution!
Your mana viper dies!
The orc knight hits your mana viper with a +0 war axe of electrocution.
Lightning courses through your mana viper!
Your mana viper dies!
You feel better.
The orc knight hits you with a +0 war axe of electrocution!!
You die...

####'#####''######
#.......##''# #.......##..#
#.......##..#
#...<...##..#### #+#
#.......##..#..#####.##
#.......##..#....##...#
#.......##..)..).o#...#
##########..'...@o'...+ ∆
##########..'....R#...#
...#....##..#....##○..#
†..#...[##..#..#####o##
.†.'..))##..#### #'#
†..#..))##..##.)..o☼R.......
...#..))##..#.)..)o........#
############################


You could see an orc knight, an efreet and an orc warrior (strong).

Vanquished Creatures
  Erolcha (D)
  A deep elf mage (D)
  A flying skull (D)
  A wyvern (D)
  2 floating eyes (D)
  2 ice beasts (D)
  An orc warrior (D)
  2 big kobolds (D)
  A crocodile (D)
  A scorpion (D)
  4 wights (D)
  A quasit (D)
  An orc priest (D)
  A jelly (D)
  Terence (D)
  A worker ant (D)
  2 gnolls (D)
  An ufetubus (D)
  An orc (D)
  A ball python (D)
  A giant cockroach (D)
  A quokka (D)
  A frilled lizard (D)
  A giant cockroach zombie (D)
  A leopard gecko skeleton (D)
  A rat (D)
33 creatures vanquished.

Vanquished Creatures (collateral kills)
  A redback (D)
  A wyvern (D)
  A scorpion (D)
3 creatures vanquished.

Vanquished Creatures (others)
  A jelly (D)
  17 foxfires (D)
18 creatures vanquished.

Grand Total: 54 creatures vanquished

Notes
Turn   | Place    | Note
-------+----------+-------------------------------------------
     0 | D        | sahdkjhfkaj the Gnoll Fire Elementalist began the quest for
                  | the Orb.
     0 | D        | Reached XP level 1. HP: 13/13 MP: 6/6
    41 | D        | Found a bloodstained altar of Trog.
    41 | D        | Found a shimmering blue altar of Sif Muna.
    41 | D        | Found a viscous altar of Jiyva.
    41 | D        | Found a hazy altar of Hepliaklqana.
    41 | D        | Found an opulent altar of Gozag.
    42 | D        | Found a glowing golden altar of the Shining One.
    42 | D        | Found a glowing silver altar of Zin.
    42 | D        | Found a basalt altar of Yredelemnul.
    42 | D        | Found a shimmering altar of Xom.
    42 | D        | Found an ornate altar of the Wu Jian Council.
    42 | D        | Found a sacrificial altar of Ru.
    42 | D        | Found a stormy altar of Qazlal.
    42 | D        | Found an iron altar of Okawaru.
    42 | D        | Found a sparkling altar of Nemelex Xobeh.
    42 | D        | Found a burning altar of Makhleb.
    42 | D        | Found a blossoming altar of Fedhas.
    42 | D        | Found a white marble altar of Elyvilon.
    42 | D        | Found a shadowy altar of Dithmenos.
    42 | D        | Found a snail-covered altar of Cheibriados.
    43 | D        | Found a radiant altar of Vehumet.
    43 | D        | Found a corrupted altar of Lugonu.
    43 | D        | Found a roughly hewn altar of Beogh.
    44 | D        | Found a hide-covered altar of Uskayaw.
    44 | D        | Found an ancient bone altar of Kikubaaqudgha.
    44 | D        | Found a broken altar of Ashenzari.
    49 | D        | Became a worshipper of Sif Muna the Loreminder
    78 | D        | Noticed a floating eye
    80 | D        | Reached skill level 1 in Fighting
    80 | D        | Reached skill level 1 in Short Blades
    80 | D        | Reached skill level 1 in Long Blades
    80 | D        | Reached skill level 1 in Axes
    80 | D        | Reached skill level 1 in Maces & Flails
    80 | D        | Reached skill level 1 in Polearms
    80 | D        | Reached skill level 1 in Staves
    80 | D        | Reached skill level 1 in Slings
    80 | D        | Reached skill level 1 in Bows
    80 | D        | Reached skill level 1 in Crossbows
    80 | D        | Reached skill level 1 in Throwing
    80 | D        | Reached skill level 1 in Armour
    80 | D        | Reached skill level 1 in Shields
    80 | D        | Reached skill level 1 in Unarmed Combat
    80 | D        | Reached skill level 5 in Spellcasting
    80 | D        | Reached skill level 1 in Invocations
    80 | D        | Reached skill level 1 in Evocations
    82 | D        | Killed a floating eye
    82 | D        | Reached skill level 5 in Dodging
    82 | D        | Reached skill level 5 in Stealth
    82 | D        | Reached XP level 2. HP: 18/23 MP: 2/8
    82 | D        | Reached XP level 3. HP: 22/28 MP: 2/10
    82 | D        | Reached XP level 4. HP: 26/34 MP: 2/11
   160 | D        | Learned a level 4 spell: Sticky Flame
   163 | D        | Noticed a floating eye
   164 | D        | Paralysed by a floating eye for 4 turns
   165 | D        | Reached * piety under Sif Muna
   171 | D        | Killed a floating eye
   171 | D        | Reached XP level 5. HP: 40/42 MP: 7/13
   225 | D        | Learned a level 5 spell: Fireball
   238 | D        | Reached ** piety under Sif Muna
   238 | D        | Reached XP level 6. HP: 23/48 MP: 4/15
   660 | D        | Noticed an ice beast
   661 | D        | Noticed an ice beast
   661 | D        | Noticed a deep elf mage
   662 | D        | Noticed a fire elemental
   695 | D        | Killed an ice beast
   695 | D        | Reached *** piety under Sif Muna
   695 | D        | Reached skill level 5 in Invocations
   708 | D        | Killed a deep elf mage
   708 | D        | Reached skill level 5 in Fighting
   708 | D        | Reached skill level 5 in Short Blades
   708 | D        | Reached skill level 5 in Long Blades
   708 | D        | Reached skill level 5 in Axes
   708 | D        | Reached skill level 5 in Maces & Flails
   708 | D        | Reached skill level 5 in Polearms
   708 | D        | Reached skill level 5 in Staves
   708 | D        | Reached skill level 5 in Slings
   708 | D        | Reached skill level 5 in Bows
   708 | D        | Reached skill level 5 in Crossbows
   708 | D        | Reached skill level 5 in Throwing
   708 | D        | Reached skill level 5 in Armour
   708 | D        | Reached skill level 5 in Shields
   708 | D        | Reached skill level 5 in Unarmed Combat
   708 | D        | Reached skill level 5 in Conjurations
   708 | D        | Reached skill level 5 in Evocations
   708 | D        | Reached XP level 7. HP: 57/57 MP: 4/18
   920 | D        | Reached **** piety under Sif Muna
   920 | D        | Reached skill level 5 in Hexes
   920 | D        | Reached skill level 5 in Summonings
   920 | D        | Reached skill level 5 in Necromancy
   920 | D        | Reached skill level 5 in Translocations
   920 | D        | Reached skill level 5 in Transmutations
   920 | D        | Reached skill level 5 in Ice Magic
   920 | D        | Reached skill level 5 in Air Magic
   920 | D        | Reached skill level 5 in Earth Magic
   920 | D        | Reached skill level 5 in Poison Magic
   920 | D        | Reached XP level 8. HP: 41/64 MP: 5/20
  1135 | D        | Noticed a flying skull
  1135 | D        | Noticed Terence
  1138 | D        | Killed Terence
  1150 | D        | Killed a flying skull
  1150 | D        | Reached ***** piety under Sif Muna
  1167 | D        | Identified Sif Muna's Handbook of Sinister Hexes (Sif Muna
                  | gifted it to you in the Dungeon)
  1167 | D        | Received a gift from Sif Muna
  1321 | D        | Learned a level 5 spell: Summon Mana Viper
  1328 | D        | Noticed a wyvern
  1328 | D        | Noticed a redback
  1334 | D        | Killed a redback
  1336 | D        | Killed a wyvern
  1523 | D        | Identified Sif Muna's Incunabulum of Evil Secrets (Sif Muna
                  | gifted it to you in the Dungeon)
  1523 | D        | Received a gift from Sif Muna
  1666 | D        | Learned a level 4 spell: Dispel Undead
  1706 | D        | Noticed an orc knight
  1707 | D        | Reached XP level 9. HP: 72/72 MP: 15/21
  1707 | D        | Noticed an efreet
  1708 | D        | Noticed Erolcha
  1718 | D        | Killed Erolcha
  1728 | D        | HP: 2/74 [efreet/+4 scimitar of flaming (3)]
  1730 | D        | Slain by an orc knight

Illustrated notes

Levels and vault maps discovered:
D:        pitsprint [storerooms_1, entrance_room_1, metal_vault_1, armoury_2,
          mini_pit_1, grid_room_1, main_hall_1, silver_pit, the_coven_3,
          the_vestibule_1, steel_vault_1, golden_pit, hallway_of_sentries,
          crystal_vault_1, iron_vault_1, final_vault]

Skill      XL: |  1  2  3  4  5  6  7  8  9 |
---------------+----------------------------+-----
Conjurations   | 3 4 5 6 7 |  7.0
Fighting       | 2 3 4 5 6 7 8 |  8.0
Short Blades   | 2 3 4 5 6 7 8 |  8.0
Long Blades    | 2 3 4 5 6 7 8 |  8.0
Axes           | 2 3 4 5 6 7 8 |  8.0
Maces & Flails | 2 3 4 5 6 7 8 |  8.0
Polearms       | 2 3 4 5 6 7 8 |  8.0
Staves         | 2 3 4 5 6 7 8 |  8.0
Slings         | 2 3 4 5 6 7 8 |  8.0
Bows           | 2 3 4 5 6 7 8 |  8.0
Crossbows      | 2 3 4 5 6 7 8 |  8.0
Throwing       | 2 3 4 5 6 7 8 |  8.0
Armour         | 2 3 4 5 6 7 8 |  8.0
Shields        | 2 3 4 5 6 7 8 |  8.0
Unarmed Combat | 2 3 4 5 6 7 8 |  8.0
Spellcasting   | 5 6 7 8 9 |  9.4
Invocations    | 3 4 6 7 8 |  8.7
Evocations     | 2 3 4 5 6 7 8 |  8.0
Dodging        | 5 6 7 8 9 |  9.2
Stealth        | 5 7 8 9 |  9.1
Hexes          | 2 3 4 5 6 |  6.6
Summonings     | 2 3 4 5 6 |  6.6
Necromancy     | 2 3 4 5 6 |  6.6
Translocations | 2 3 4 5 6 |  6.6
Transmutations | 2 3 4 5 6 |  6.6
Fire Magic     | 6 7 8 |  8.7
Ice Magic      | 2 3 4 5 6 |  6.6
Air Magic      | 2 3 4 5 6 |  6.6
Earth Magic    | 2 3 4 5 6 |  6.6
Poison Magic   | 2 3 4 5 6 |  6.6

Action                   |  1- 3 |  4- 6 |  7- 9 || total
-------------------------+-------+-------+-------++-------
Melee: Falchion          |       |     3 |       ||     3
       Bite              |       |     2 |     5 ||     7
       Long sword        |       |       |    27 ||    27
       Punch             |       |       |     3 ||     3
       Scimitar          |       |       |     2 ||     2
 Cast: Foxfire           |     7 |     7 |       ||    14
       Sticky Flame      |       |     2 |    12 ||    14
       Fireball          |       |     5 |    11 ||    16
       Summon Mana Viper |       |       |     4 ||     4
Invok: Channel Magic     |       |     1 |     1 ||     2
  Use: Potion            |       |     3 |     6 ||     9
 Stab: Distracted        |       |     1 |       ||     1
Armor: Robe              |       |     1 |     2 ||     3
Dodge: Dodged            |     1 |    15 |    44 ||    60
       Rpst.: Falchion   |       |     2 |       ||     2
       Long sword        |       |       |     5 ||     5
       Scimitar          |       |       |     6 ||     6

Table legend: (Time is in decaauts)
 A = Elapsed time spent in this place.
 B = Non-inter-level travel time spent in this place.
 C = Inter-level travel time spent in this place.
 D = Time resting spent in this place.
 E = Time spent auto-exploring this place.
 F = Levels seen in this place.
 G = Mean time per level.
                   A        B        C        D        E       F      G
               +--------+--------+--------+--------+--------+-----+--------+
         Total |   1732 |   1633 |     99 |   1158 |      0 |   1 | 1732.0 |
       Dungeon |   1732 |   1633 |     99 |   1158 |      0 |   1 | 1732.0 |
               +--------+--------+--------+--------+--------+-----+--------+

Top non-repeatable levels by time:
       D: 1732 daAuts
